 Dungeon Crawl Stone Soup version 0.31-a0-174-g85c54bcb58 (webtiles) character file.

Game seed: 6531498851589897263

90 Dittersdorf the Trooper (level 4, -6/29 HPs)
             Began as a Gargoyle Fighter on June 15, 2023.
             Mangled by Edmund
             ... wielding a +3 dire flail of protection
              (11 damage)
             ... on level 3 of the Dungeon.
             The game lasted 00:02:12 (2185 turns).

Dittersdorf the Trooper (Gargoyle Fighter)          Turns: 2185, Time: 00:02:13

Health: -6/29      AC: 10    Str: 22    XL:     4   Next: 56%
Magic:  4/4        EV:  8    Int:  8    God:
Gold:   79         SH:  8    Dex:  9    Spells: 3/3 levels left

rFire   . . .        a - +0 flail
rCold   + . .        q - +0 kite shield
rNeg    + . .        b - +0 scale mail
rPois   ∞            (no helmet)
rElec   +            (no cloak)
rCorr   .            (no gloves)
SInv    .            (no boots)
Will    .....        h - amulet of faith Stlth
                     f - ring of protection from cold
HPRegen 0.24/turn    (no ring)
MPRegen 0.09/turn

%: faith
@: mighty
A: sickness immunity, AC +3, negative energy resistance 1, electricity
resistance, torment resistance 1, petrification resistance
a: no special abilities


You were on level 3 of the Dungeon.
You visited 1 branch of the dungeon, and saw 4 of its levels.

You collected 79 gold pieces.

Inventory:

Hand Weapons
 a - a +0 flail (weapon)
Armour
 b - a +0 scale mail (worn)
 q - a +0 kite shield (worn)
Jewellery
 f - a ring of protection from cold (left hand)
 h - an amulet of faith (around neck)
Scrolls
 e - a scroll of teleportation {unknown}
 i - 2 scrolls of revelation {unknown}
 j - a scroll of blinking {unknown}
 k - a scroll of summoning {unknown}
 l - 3 scrolls of identify {unknown}
 n - a scroll of enchant weapon {unknown}
 o - a scroll of torment {unknown}
Potions
 c - a potion of ambrosia {unknown}
 g - 2 potions of haste {unknown}
 m - 3 potions of curing {unknown}
 p - a potion of invisibility {unknown}
 r - a potion of berserk rage {unknown}


   Skills:
 + Level 4.0 Fighting
 + Level 2.9 Maces & Flails
 + Level 4.0 Armour
 + Level 4.0 Shields


You had 3 spell levels left.
You didn't know any spells.
Your spell library contained the following spells:

 Spells                   Type           Power      Damage    Failure   Level
 Freeze                   Ice            0%         1d3       94%         1
 Ensorcelled Hibernation  Hex/Ice        0%         N/A       98%         2
 Passwall                 Tmut/Erth      0%         N/A       98%         2
 Frozen Ramparts          Ice            0%         1d1       100%        3
 Hailstorm                Conj/Ice       0%         3d3       100%        3
 Summon Guardian Golem    Hex/Summ       0%         N/A       100%        3
 Swiftness                Air            0%         N/A       100%        3
 Orb of Destruction       Conj           0%         9d5       100%        7
 Spellforged Servitor     Conj/Summ      0%         N/A       100%        7


Dungeon Overview and Level Annotations

Branches:
Dungeon (4/15)
 Temple: D:4-7

Altars:
Xom

Annotations:
D:3 Edmund


Innate Abilities, Weirdness & Mutations

You are immune to sickness and miasma.
Your stone body is resilient. (AC +3)
You are immune to poison.
You resist negative energy. (rN+)
You are resistant to electric shocks. (rElec)
You are resistant to unholy torment.
You are immune to petrification.


Message History

No target in view!
No target in view!
No target in view!
No target in view!
No target in view!
No target in view!
You see here a frilled lizard corpse.
As you open the door, it creaks loudly!
There is an open door here.
You pick up a book of Burglary and begin reading...
You add the spells Passwall, Ensorcelled Hibernation and Swiftness to your library.
No target in view!
Done exploring.
No target in view!
Done exploring.
(D) Dungeon
Where to? (Enter - D:3, ? - help)
What level of the Dungeon? (default 1, ? - help)
You see here a +0 leather armour.
There is a stone staircase leading down here.
You climb downwards.
Edmund shouts!
Found 3 poisoned darts.
Found a stone staircase leading down.
There is a stone staircase leading up here.
Edmund is nearby!
Edmund mutters, "Who needs spells, anyway?"
Edmund closely misses you.
You climb upwards.
There is a stone staircase leading down here.
You barely miss Edmund.
Edmund hits you with a +3 dire flail of protection!
You hit Edmund but do no damage.
Edmund hits you with a +3 dire flail of protection!
You feel very mighty all of a sudden. Edmund barely misses you.
You hit Edmund but do no damage.
Edmund hits you with a +3 dire flail of protection.
* * * LOW HITPOINT WARNING * * *
Edmund hits you with a +3 dire flail of protection!
You die...

#...........#
#.#########.# #.# #.#
#.# #.# #.# #.# #.# #.#
#.# #.# #.# ###
#.######### #.#
#@###.........# #.#
#@..#########.####
#.#####.#...............
#.##.........######.####
#.##.........# #.#
#.##.........# ##.#
#.##........†## #..####
#..'..........####......
####...............#####


You could see Edmund.

Vanquished Creatures
  3 adders
  A worm (D:3)
  7 ball pythons
  6 bats
  4 endoplasms
  3 giant cockroaches
  5 hobgoblins
  9 jackals (D:3)
  A quokka (D:1)
  7 frilled lizards
  4 goblins
  3 kobolds
  5 rats
58 creatures vanquished.

Notes
Turn   | Place    | Note
-------+----------+-------------------------------------------
     0 | D:1      | Dittersdorf the Gargoyle Fighter began the quest for the
                  | Orb.
     0 | D:1      | Reached XP level 1. HP: 14/14 MP: 1/1
    62 | D:1      | Reached XP level 2. HP: 18/19 MP: 2/2
   178 | D:1      | Found a faded altar of an unknown god.
   397 | D:1      | Reached XP level 3. HP: 23/23 MP: 3/3
  1436 | D:2      | Reached XP level 4. HP: 29/29 MP: 4/4
  1565 | D:3      | Found a shimmering altar of Xom.
  2178 | D:4      | Noticed Edmund
  2185 | D:3      | Mangled by Edmund

Illustrated notes

Levels and vault maps discovered:
D:1:      denvon_arrival_planthouse, layout_loops_ring,
          nicolae_ecumenical_lake_church
D:2:      layout_basic
D:3:      layout_basic, general_overflow_altar, glass_columns_b
D:4:      layout_loops_corners, hangedman_glass_teeth, uniq_edmund,
          uniq_blork_the_orc

Skill      XL: |  1  2  3  4 |
---------------+-------------+-----
Fighting       | 4 |  4.0
Armour         | 4 |  4.0
Shields        | 4 |  4.0
Maces & Flails | |  2.9

Action                     |  1- 3 |  4- 6 || total
---------------------------+-------+-------++-------
  Melee: Flail             |   131 |    74 ||   205
    Use: Potion            |       |     1 ||     1
 Armour: Scale mail        |   104 |    36 ||   140
  Dodge: Dodged            |    71 |    44 ||   115
  Block: Buckler           |    37 |    15 ||    52
         Kite shield       |       |     4 ||     4

Table legend: (Time is in decaauts)
 A = Elapsed time spent in this place.
 B = Non-inter-level travel time spent in this place.
 C = Inter-level travel time spent in this place.
 D = Time resting spent in this place.
 E = Time spent auto-exploring this place.
 F = Levels seen in this place.
 G = Mean time per level.
                   A        B        C        D        E       F      G
               +--------+--------+--------+--------+--------+-----+--------+
         Total |   2249 |   2144 |    105 |      0 |   1677 |   4 |  562.2 |
       Dungeon |   2249 |   2144 |    105 |      0 |   1677 |   4 |  562.2 |
               +--------+--------+--------+--------+--------+-----+--------+

Top non-repeatable levels by time:
     D:1: 833 daAuts
     D:3: 710 daAuts
     D:2: 703 daAuts
     D:4: 2 daAuts
